 Dungeon Sprint DCSS version 0.29-a0-653-gd47aff6735 (webtiles) character file.

Game seed: 6574747264108995184

9 purpskrrrp the Covered (level 2, -11/25 HPs)
             Began as a Naga Wanderer on June 22, 2022.
             Killed from afar by an oklob sapling (17 damage)
             ... with a splash of acid
             ... in the Dungeon (Sprint IV: "Fedhas' Mad Dash").
             The game lasted 00:01:57 (397 turns).

purpskrrrp the Covered (Naga Wanderer)               Turns: 397, Time: 00:01:57

Health: -11/25     AC:  2    Str: 14    XL:     2   Next: 16%
Magic:  5/5        EV:  4    Int: 10    God:
Gold:   0          SH:  0    Dex: 12    Spells: 4/5 levels left

rFire   . . .      SeeInvis +   b - +0 flail
rCold   . . .      Faith    .   (no shield)
rNeg    . . .      Spirit   .   d - +0 chain mail
rPois   +          Reflect  .   (no helmet)
rElec   .          Harm     .   (no cloak)
rCorr   .          Rampage  .   (no gloves)
Will    .....      NoTele   +   (no barding)
Stlth   ..........              (no amulet)
HPRegen 0.08/turn               (no ring)
MPRegen 0.09/turn               (no ring)

@: corroded, very slow
A: AC +0, large, see invisible, deformed body, poison resistance, slowness 2,
spit poison 1, naga tail 1
a: Spit Poison


You were in the Dungeon.
You visited 1 branch

Inventory:

Hand Weapons
 a - a +0 club
 b - a +0 flail (weapon)
Armour
 d - a +0 chain mail (worn)
Scrolls
 i - a scroll of blinking
Potions
 c - 2 potions of berserk rage
 e - a potion of curing
 g - a potion of haste
 h - 2 potions of magic


   Skills:
 + Level 1.0 Fighting
 + Level 0.2 Maces & Flails
 + Level 4.4 Armour
 + Level 2.2 Spellcasting
 + Level 3.4 Ice Magic


You had 4 spell levels left.
You knew the following spells:

 Your Spells              Type           Power      Damage    Failure   Level
a - Freeze                Ice            32%        1d5       85%         1

Your spell library contained the following spells:

 Spells                   Type           Power      Damage    Failure   Level
 Ozocubu's Armour         Ice            8%         N/A       99%         3


Dungeon Overview and Level Annotations

Branches:
Dungeon (1/1)

Altars:

Annotations:
D exclusion: oklob sapling


Innate Abilities, Weirdness & Mutations

Your serpentine skin is tough. (AC +0)
You have supernaturally acute eyesight. (SInv)
Armour fits poorly on your strangely shaped body.
Your system is resistant to poisons. (rPois)
You cover ground very slowly.
You can spit poison.
You have a snake-like lower body.


Message History

You cannot move.
You cannot move.
You cannot move.
You cannot move.
You cannot move.
You start resting.
Your transformation is almost over.
You feel less wooden.
Your +0 chain mail unmelds from your body.
You start resting.
HP restored.
You start waiting.
Done waiting.
There is an open door, spattered with blood here.
You see here a +0 flail.
b - a +0 flail
b - a +0 flail (weapon)
As you open the door, it creaks loudly!
An oklob sapling comes into view.
Marking area around an oklob sapling as unsafe for travelling.
Found 26 gold pieces.
There is an open door here.
You hit the oklob sapling.
The oklob sapling is lightly damaged.
The oklob sapling spits acid at you. The splash of acid hits you!!
Ouch! That really hurt!
* * * LOW HITPOINT WARNING * * *
The acid corrodes you!
You hit the oklob sapling.
The oklob sapling is moderately damaged.
You hit the oklob sapling but do no damage.
You punch the oklob sapling, but do no damage.
The oklob sapling is lightly damaged.
You hit the oklob sapling but do no damage.
The oklob sapling is lightly damaged.
The oklob sapling spits acid at you. The splash of acid hits you!
Ouch! That really hurt!
You die...

##################
#<..P#.....#.$$$$#
#PP..'.....@.#
#PPPP#.....#P#
##############


You could see an oklob sapling.

Vanquished Creatures
  A river rat (D)
  A rat (D)
2 creatures vanquished.

Notes
Turn   | Place    | Note
-------+----------+-------------------------------------------
     0 | D        | purpskrrrp the Naga Wanderer began the quest for the Orb.
     0 | D        | purpskrrrp set off with the following items: a +0 club, a
                  | potion of lignification, 2 potions of berserk rage, a +0
                  | chain mail, a potion of curing, a potion of heal wounds, a
                  | potion of haste, 2 potions of magic, a scroll of blinking;
                  | and the following spell memorised: Freeze; and the
                  | following spells available to memorise: Ozocubu's Armour.
     0 | D        | Reached XP level 1. HP: 18/18 MP: 3/3
    30 | D        | Reached skill level 4 in Armour
    30 | D        | Reached XP level 2. HP: 6/25 MP: 5/5
   392 | D        | Noticed an oklob sapling
   397 | D        | Killed from afar by an oklob sapling

Illustrated notes

Levels and vault maps discovered:
D:        dungeon_sprint_fedhas [sprint_temple]

Skill      XL: |  1 |
---------------+----+-----
Armour         | 4 |  4.4
Fighting       | |  1.0
Maces & Flails | |  0.2
Spellcasting   | |  2.2
Ice Magic      | |  3.4

Action                   || total
-------------------------++-------
Melee: Club              ||    23
       Punch             ||     2
       Flail             ||     4
  Use: Potion            ||     2
Armor: Skin              ||    20
Dodge: Dodged            ||     2

Table legend: (Time is in decaauts)
 A = Elapsed time spent in this place.
 B = Non-inter-level travel time spent in this place.
 C = Inter-level travel time spent in this place.
 D = Time resting spent in this place.
 E = Time spent auto-exploring this place.
 F = Levels seen in this place.
 G = Mean time per level.
                   A        B        C        D        E       F      G
               +--------+--------+--------+--------+--------+-----+--------+
         Total |    409 |    397 |     12 |    352 |      0 |   1 |  409.0 |
       Dungeon |    409 |    397 |     12 |    352 |      0 |   1 |  409.0 |
               +--------+--------+--------+--------+--------+-----+--------+

Top non-repeatable levels by time:
       D: 409 daAuts
